 Dungeon Crawl Stone Soup version 0.21-a0-2-ge494091 (webtiles) character file.

2751 grindst0ne the Grappler (level 9, -3/89 HPs)
             Began as a Troll Monk on May 21, 2017.
             Slain by an orc warrior
             ... wielding a +0 glaive
              (25 damage)
             ... on level 7 of the Dungeon.
             The game lasted 00:16:14 (4267 turns).

grindst0ne the Grappler (Troll Monk)                Turns: 4267, Time: 00:16:15

Health: -3/89      AC:  8    Str: 24      XL:     9   Next: 41%
Magic:  8/8        EV: 10    Int:  6      God:
Gold:   315        SH:  0    Dex: 10 (12) Spells: 8/8 levels left

rFire    . . .     SeeInvis .     - Unarmed
rCold    + . .     Gourm    +   (no shield)
rNeg     . . .     Faith    .   o - +2 robe {rC+}
rPois    .         Spirit   .   (helmet restricted)
rElec    .         Reflect  .   x - +0 cloak
rCorr    .         Harm     .   (gloves unavailable)
MR       .....                  (boots unavailable)
Stlth    +.........             (no amulet)
Regen    0.7/turn               (no ring)
MPRegen  0.2/turn               (no ring)

@: no status effects
A: unfitting armour, claws 3, hooves 2, fast metabolism 3, gourmand,
regeneration 1, shaggy fur 1, tough skin 2
a: no special abilities


You were on level 7 of the Dungeon.
You were very full.

You visited 1 branch of the dungeon, and saw 7 of its levels.

You collected 315 gold pieces.

Inventory:

Armour
 a - a +0 robe
 o - a +2 robe of cold resistance (worn)
 x - a +0 cloak (worn)
Jewellery
 j - an uncursed amulet of guardian spirit {unknown}
 t - an uncursed ring of see invisible {unknown}
 w - an uncursed ring of flight {unknown}
 A - an uncursed ring of protection from magic {unknown}
 I - an uncursed ring of stealth {unknown}
 Q - an uncursed ring of stealth {unknown}
Wands
 d - a wand of lightning (5/15)
 s - a wand of flame (36/48)
 v - a wand of confusion (26/48)
 G - a wand of iceblast (6/15)
 N - a wand of clouds (5/9)
Scrolls
 c - 4 scrolls of remove curse
 f - 2 scrolls of random uselessness
 g - 9 scrolls of teleportation
 m - 2 scrolls of enchant weapon
 F - 3 scrolls of fear
 P - a scroll of enchant armour
Potions
 e - a potion of resistance
 i - 2 potions of haste
 k - 3 potions of curing
 l - 2 potions of lignification
 q - 3 potions of agility {unknown}
 z - 4 potions of might {unknown}
 B - a potion of heal wounds {unknown}
 H - a potion of flight {unknown}
 J - a potion of magic {unknown}
 K - a potion of brilliance {unknown}
 O - 2 potions of invisibility {unknown}
Books
 u - a book of Changes

   Spells                             Type                      Level
   a - Beastly Appendage              Transmutation                1
   b - Sticks to Snakes               Transmutation                2
   c - Spider Form                    Transmutation/Poison         3
   d - Ice Form                       Ice/Transmutation            4
   e - Blade Hands                    Transmutation                5
 y - a book of Minor Magic

   Spells                             Type                      Level
   a - Magic Dart                     Conjuration                  1
   b - Blink                          Translocation                2
   c - Call Imp                       Summoning                    2
   d - Slow                           Hexes                        2
   e - Conjure Flame                  Conjuration/Fire             3
   f - Mephitic Cloud                 Conjuration/Poison/Air       3
Comestibles
 b - 4 bread rations
 h - 4 meat rations
 n - a chunk of flesh
 p - 2 royal jellies
 L - 3 fruits


   Skills:
 + Level 6.0 Fighting
 + Level 4.9 Throwing
 - Level 2.4 Dodging
 - Level 1.0 Stealth
 * Level 10.1 Unarmed Combat


You had 8 spell levels left.
You didn't know any spells.

Dungeon Overview and Level Annotations

Branches:
Dungeon (7/15)
 Temple: D:4-7

Altars:
Ashenzari
Gozag
Nemelex Xobeh
Qazlal
Ru
Trog
Uskayaw
Vehumet

Shops:
D:6 }((:


Innate Abilities, Weirdness & Mutations

You are too large for most types of armour.
You have claws for hands.
Your metabolism is lightning-fast.
You like to eat raw meat.
Your natural rate of healing is unusually fast.
You are covered in fur. (AC +1)
You have very tough skin. (AC +2)
You have hoof-like feet.


Message History

You scratch the orc warrior but do no damage.
The orc barely misses you.
The orc warrior hits you with a glaive!!
An orc comes into view.
The orc shouts!
You closely miss the orc warrior.
The orc hits you from afar with a trident of piercing.
The orc warrior hits you from afar with a glaive!!
Things that are here:
a flail; an orc corpse The orc warrior throws a tomahawk.
The tomahawk barely misses you.
The orc warrior throws a tomahawk.
The tomahawk barely misses you.
The orc warrior throws a tomahawk.
The tomahawk hits you.
You see here a tomahawk.
The orc warrior hits you from afar with a glaive!
* * * LOW HITPOINT WARNING * * *
The howler monkey hoots and howls with incredible vigour!
You hear an angry hiss.
The orc warrior hits you with a glaive!!
You die...

#.# #.# #.# #.#
#(# #.# #.# #.#
#.# #.# #.# #(#
#.# #@#######
#o.......
.o.h.oo########


.>.ohoh #.##### You could see an orc warrior, a howler monkey and 2 orcs.

Vanquished Creatures
  Pikel (D:5)
  Sigmund (D:2)
  The ghost of Klosterheim the Poker, an amateur MfSk (D:3)
  Menkaure (D:4)
  Edmund (D:4)
  An ice beast (D:6)
  A phantom (D:5)
  An orc warrior (D:5)
  3 sky beasts
  A black bear (D:6)
  A necrophage (D:5)
  An ogre (D:6)
  A centaur (D:5)
  A bullfrog (D:7)
  2 scorpions
  2 howler monkeys (D:4)
  2 crimson imps
  A centaur zombie (D:5)
  A quasit (D:7)
  2 hounds
  3 orc priests
  2 iguanas (D:6)
  4 worker ants
  A hound skeleton (D:5)
  9 adders
  A shadow imp (D:5)
  An ooze (D:3)
  An adder skeleton (D:6)
  4 worms
  3 dart slugs
  6 leopard geckos
  15 orcs
  5 giant cockroaches
  9 goblins
  4 hobgoblins
  9 jackals
  4 quokkas
  4 bats
  10 frilled lizards
  A giant cockroach zombie (D:5)
  11 kobolds
  7 rats
140 creatures vanquished.

Vanquished Creatures (others)
  A slave (D:5)
  A jelly (D:5)
  An adder (D:5)
  A shadow imp (D:5)
  A kobold (D:5)
  A rat (D:3)
6 creatures vanquished.

Grand Total: 146 creatures vanquished

Notes
Turn   | Place    | Note
-------+----------+-------------------------------------------
     0 | D:1      | grindst0ne the Troll Monk began the quest for the Orb.
     0 | D:1      | Reached XP level 1. HP: 22/22 MP: 0/0
   155 | D:1      | Reached XP level 2. HP: 29/29 MP: 1/1
   581 | D:1      | Reached XP level 3. HP: 36/36 MP: 2/2
   603 | D:1      | Reached skill level 4 in Unarmed Combat
   798 | D:2      | Found an opulent altar of Gozag.
   874 | D:2      | Found a sacrificial altar of Ru.
   985 | D:2      | Reached XP level 4. HP: 37/44 MP: 3/3
  1043 | D:2      | Noticed Sigmund
  1069 | D:2      | Killed Sigmund
  1069 | D:2      | Reached skill level 5 in Unarmed Combat
  1069 | D:2      | Reached XP level 5. HP: 25/53 MP: 4/4
  1152 | D:2      | Found a shattered altar of Ashenzari.
  1433 | D:3      | Noticed Klosterheim's ghost (amateur MfSk)
  1465 | D:3      | Killed Klosterheim's ghost
  1465 | D:3      | Reached skill level 6 in Unarmed Combat
  1465 | D:3      | Reached XP level 6. HP: 40/62 MP: 5/5
  1893 | D:3      | Found a sparkling altar of Nemelex Xobeh.
  1986 | D:4      | Reached XP level 7. HP: 70/70 MP: 6/6
  2110 | D:4      | Noticed Menkaure
  2117 | D:4      | Killed Menkaure
  2117 | D:4      | Reached skill level 1 in Throwing
  2117 | D:4      | Reached skill level 7 in Unarmed Combat
  2294 | D:4      | Noticed Edmund
  2305 | D:4      | Killed Edmund
  2494 | D:5      | Entered Level 5 of the Dungeon
  2711 | D:5      | Reached skill level 8 in Unarmed Combat
  2711 | D:5      | Reached XP level 8. HP: 64/79 MP: 7/7
  2757 | D:5      | Gained mutation: Your muscles are strong. (Str +2) [mutagenic meat]
  2758 | D:5      | Gained mutation: You are partially covered in yellow scales. (AC +2) [mutagenic meat]
  2759 | D:5      | Gained mutation: Scrolls take you a little longer to read. [mutagenic meat]
  2796 | D:5      | Noticed Pikel
  2811 | D:5      | Killed Pikel
  2811 | D:5      | Reached skill level 5 in Fighting
  2850 | D:5      | Reached skill level 9 in Unarmed Combat
  3017 | D:5      | Found a bloodstained altar of Trog.
  3264 | D:5      | Found a radiant altar of Vehumet.
  3377 | D:5      | Reached XP level 9. HP: 50/89 MP: 1/8
  3530 | D:6      | Found a stormy altar of Qazlal.
  3609 | D:6      | Found a hide-covered altar of Uskayaw.
  3661 | D:6      | Found Pialeol's Antique Weapon Emporium.
  3808 | D:6      | Found Ofomiuq's Book Shoppe.
  3860 | D:6      | Gained mutation: Scrolls take you longer to read. [mutagenic meat]
  3885 | D:6      | Lost mutation: Your muscles are strong. (Str +2) [potion of mutation]
  3885 | D:6      | Lost mutation: Scrolls take you longer to read. [potion of mutation]
  3885 | D:6      | Lost mutation: Scrolls take you a little longer to read. [potion of mutation]
  3885 | D:6      | Lost mutation: You are partially covered in yellow scales. (AC +2) [potion of mutation]
  3885 | D:6      | Gained mutation: You are agile. (Dex +2) [potion of mutation]
  3885 | D:6      | Gained mutation: Your flesh is cold resistant. (rC+) [potion of mutation]
  3886 | D:6      | Lost mutation: You are agile. (Dex +2) [potion of mutation]
  3886 | D:6      | Lost mutation: Your flesh is cold resistant. (rC+) [potion of mutation]
  3886 | D:6      | Gained mutation: You have large cloven feet. [potion of mutation]
  3886 | D:6      | Gained mutation: You have hoof-like feet. [potion of mutation]
  3916 | D:6      | Reached skill level 10 in Unarmed Combat
  3930 | D:6      | Found Tiestisi's Gadget Shoppe.
  4116 | D:6      | Found Yletupp's Antique Weapon Shoppe.
  4267 | D:7      | Slain by an orc warrior

Vault maps used:
D:1:      co_arrival_random_square_maze, serial_glass, glass_columns_a,
          glass_columns_a
D:2:      ashenzari_conservatory_becter, grunt_gozag_statues,
          hangedman_ru_absence, serial_glass, glass_columns_b, glass_columns_a,
          glass_columns_a, glass_columns_a, glass_columns_c, glass_columns_b,
          glass_columns_a, glass_columns_b, first_bread, minmay_ruptured,
          uniq_sigmund
D:3:      nemelex_dance_club_becter
D:4:      uniq_menkaure, uniq_edmund
D:5:      kennysheep_little_box, vehumet_altar_wand_db, minmay_small_thing,
          uniq_pikel
D:6:      nicolae_overflow_crystal_walls, eat_drink_and_be_merry_uskayaw,
          serial_shops, nicolae_shop_crystal, kennysheep_mini, shop,
          nicolae_shop_behind_doors
D:7:      minmay_temple_entry_enclosed_plants

Skill      XL: |  1  2  3  4  5  6  7  8  9 |
---------------+----------------------------+-----
Unarmed Combat | 4 5 6 8 9 10 | 10.1
Fighting       | 3 4 5 6 |  6.0
Throwing       | 2 4 |  4.9
Dodging        | |  2.4
Stealth        | |  1.0

Action                   |  1- 3 |  4- 6 |  7- 9 || total
-------------------------+-------+-------+-------++-------
Melee: Unarmed           |   110 |    75 |   216 ||   401
       Punch             |     1 |     3 |    12 ||    16
       Kick              |       |       |     7 ||     7
  Use: Scroll            |       |       |    16 ||    16
       Potion            |       |       |     2 ||     2
 Stab: Sleeping          |     2 |     1 |     3 ||     6
       Distracted        |       |       |     1 ||     1
  Eat: Chunk             |    15 |     9 |    25 ||    49
Armor: Robe              |    59 |    24 |    78 ||   161
Dodge: Dodged            |    95 |    34 |   108 ||   237
